AoeStats
← 一剑扫秋风nelson

African Clearing

504986858Analyzed
4v4 RM · 25d ago on Sep 7, 2026· 35m 51s· 8 players
Game mode
Random Map
Map size
Large (8 player)
Population
200
Speed
Normal
Resources
Standard
Victory
Conquest
Starting age
Dark Age
Ending age
Imperial Age
RankedLock teamsTeams togetherTeam positionsShared explorationLock speedFull tech treeHidden civsTurbo modeCheats
Victory
Defeat
🇹🇷 Celts · Türkiye
1823
+14
🇹🇷 Persians · Türkiye
1662
+20
🇹🇷 Slavs · Türkiye
1619
+22
🇦🇹 Koreans · Austria
1606
+22
1889
-25
🇩🇪 Lithuanians · Germany
1800
-21
🇸🇪 Turks · Sweden
1678
-16
🇨🇳 Byzantines · China
1677
-16
billy bad beat
4:10 Loom
14:34 Feudal Age
15:27 Town Watch
19:21 Castle Age
17:45 Double-Bit Axe
23:01 Scale Barding Armor
33:55 Fletching
Trashclaus
5:44 Loom
11:59 Feudal Age
12:03 Feudal Age
13:40 Double-Bit Axe
14:10 Horse Collar
17:39 Castle Age
17:47 Castle Age
15:47 Horse Collar
25:04 Horse Collar
29:28 Scale Mail Armor
29:29 Padded Archer Armor
一剑扫秋风nelson
7:21 Loom
10:53 Feudal Age
13:01 Double-Bit Axe
17:38 Fletching
24:45 Castle Age
25:24 Town Watch
26:35 Horse Collar
十大地方
10:36 Loom
13:04 Feudal Age
13:42 Double-Bit Axe
15:08 Horse Collar
24:26 Castle Age
22:49 Gold Mining
23:51 Fletching
24:34 Crossbowman
Kuş Bilge
4:05 Loom
11:56 Feudal Age
12:45 Double-Bit Axe
23:34 Castle Age
22:48 Bloodlines
23:32 Scale Barding Armor
23:39 Forging
23:30 Light Cavalry
24:45 Chain Barding Armor
26:31 Horse Collar
27:34 Bow Saw
Patoshiq
12:15 Feudal Age
11:12 Loom
16:46 Castle Age
14:42 Double-Bit Axe
17:55 Bow Saw
24:49 Scale Barding Armor
28:40 Wheelbarrow
30:05 Town Watch
31:41 Horse Collar
36:04 Imperial Age
33:39 Gold Mining
34:13 Scale Mail Armor
34:31 Gambesons
34:32 Arson
34:58 Forging
35:32 Chain Mail Armor
35:48 Hand Cart
AntiMetaist
5:04 Loom
13:09 Feudal Age
13:57 Man-at-Arms
18:58 Fletching
23:57 Castle Age
24:33 Bodkin Arrow
23:59 Crossbowman
24:01 Elite Skirmisher
27:03 Ballistics
27:34 Stone Mining
28:35 Town Watch
29:26 Wheelbarrow
28:35 Horse Collar
28:40 Double-Bit Axe
29:51 Wheelbarrow
30:38 Gold Mining
30:55 Squires
30:40 Arson
30:41 Gambesons
31:44 Masonry
32:07 Scale Mail Armor
32:39 Treadmill Crane
33:02 Heavy Plow
33:34 Murder Holes
33:58 Bow Saw
34:58 Fortified Wall
35:01 Careening
34:58 Siphons
Sekov
4:05 Loom
13:37 Feudal Age
14:07 Double-Bit Axe
15:54 Gold Mining
17:26 Horse Collar
18:08 Fletching
24:44 Castle Age
24:38 Town Watch
26:30 Wheelbarrow
26:07 Bow Saw
25:26 Crossbowman
33:19 Bodkin Arrow
Connection lost

Rejoining the realm…

Still unreachable

The connection could not be restored.

Session expired

The server has moved on; the page needs a fresh start.